AoeStats
← Bashful_Burrito

Arabia

507403891Analyzed
2v2 RM · 13d ago on Sep 18, 2026· 53m 14s· 4 players
Game mode
Random Map
Map size
Medium (4 player)
Population
200
Speed
Normal
Resources
Standard
Victory
Conquest
Starting age
Dark Age
Ending age
Imperial Age
RankedLock teamsTeams togetherTeam positionsShared explorationLock speedFull tech treeHidden civsTurbo modeCheats
Victory
Defeat
🇺🇸 Magyars · United States
1030
+12
🇨🇳 Wei · China
973
+14
🇨🇱 Franks · Chile
940
-13
🇨🇱 Hindustanis · Chile
940
-13
Bashful_Burrito
9:49 Feudal Age
11:32 Loom
11:36 Double-Bit Axe
13:39 Fletching
21:28 Castle Age
19:53 Horse Collar
20:50 Bloodlines
23:54 Husbandry
25:38 Scale Barding Armor
29:41 Wheelbarrow
34:43 Imperial Age
33:39 Bodkin Arrow
35:23 Pikeman
35:52 Cavalier
38:01 Conscription
39:44 Chain Barding Armor
43:08 Heavy Plow
43:19 Bow Saw
43:19 Corvinian Army
43:57 Scale Mail Armor
45:03 Halberdier
46:53 Chain Mail Armor
47:10 Elite Magyar Huszar
50:04 Plate Barding Armor
52:29 Spies/Treason
bro
1:47 Loom
11:05 Feudal Age
17:38 Castle Age
16:03 Fletching
16:19 Double-Bit Axe
17:42 Padded Archer Armor
22:36 Bloodlines
23:36 Husbandry
32:29 Gold Mining
32:29 Stone Mining
32:52 Bow Saw
40:55 Imperial Age
40:44 Bodkin Arrow
41:05 Leather Archer Armor
41:00 Forging
40:51 Scale Mail Armor
41:01 Thumb Ring
41:07 Heavy Hei Guang Cavalry
44:00 Conscription
45:21 Chemistry
44:41 Ballistics
44:50 Parthian Tactics
45:29 Tuntian
47:00 Iron Casting
46:30 Scale Barding Armor
46:56 Ring Archer Armor
46:27 Bracer
47:32 Wheelbarrow
46:43 Town Watch
49:09 Blast Furnace
48:39 Ring Archer Armor
52:48 Ming Guang Armor
51:44 Elite Tiger Cavalry
53:15 Spies/Treason
DarthCerna
7:07 Loom
10:25 Feudal Age
14:59 Double-Bit Axe
17:37 Fletching
21:41 Castle Age
21:15 Forging
21:58 Padded Archer Armor
40:14 Imperial Age
38:52 Bodkin Arrow
38:39 Horse Collar
39:59 Scale Barding Armor
41:04 Husbandry
41:17 Bloodlines
40:31 Light Cavalry
43:54 Leather Archer Armor
46:57 Imperial Age
47:22 Crossbowman
47:30 Heavy Camel Rider
48:26 Scale Mail Armor
49:41 Wheelbarrow
51:00 Chemistry
50:21 Ballistics
Kiroshy0001
0:27 Loom
12:08 Feudal Age
19:02 Castle Age
19:18 Wheelbarrow
21:55 Husbandry
22:05 Scale Barding Armor
22:02 Scale Mail Armor
23:30 Pikeman
26:48 Hand Cart
Connection lost

Rejoining the realm…

Still unreachable

The connection could not be restored.

Session expired

The server has moved on; the page needs a fresh start.